 Dungeon Crawl Stone Soup version 0.22-a0-407-gb098539405 (webtiles) character file.

109 PikkenKukken the Poker (level 4, 0/41 HPs)
             Began as a Gnoll Chaos Knight on May 9, 2018.
             Incinerated by D1HalberdGnoll's ghost (2 damage)
             ... with a sticky flame
             ... on level 4 of the Dungeon.
             The game lasted 00:05:49 (2071 turns).

PikkenKukken the Poker (Gnoll Chaos Knight)         Turns: 2071, Time: 00:05:50

Health: 0/41       AC:  7    Str: 14    XL:     4   Next: 90%
Magic:  5/5        EV: 13    Int: 14    God:    Xom [.*....]
Gold:   153        SH:  0    Dex: 16    Spells: 5/5 levels left

rFire    + . .     SeeInvis .   a - +0 spear (chaos)
rCold    x . .     Gourm    .   (no shield)
rNeg     . . .     Faith    .   b - +3 leather armour
rPois    .         Spirit   .   (no helmet)
rElec    .         Reflect  .   (no cloak)
rCorr    .         Harm     .   o - +0 pair of gloves
MR       .....                  (no boots)
Stlth    +.........             (no amulet)
HPRegen  0.13/turn              h - ring of fire
MPRegen  0.09/turn              k - ring of loudness (curse)

@: liquid flames, glowing
A: distributed training, fangs 1, strong nose
a: Renounce Religion


You were on level 4 of the Dungeon.
You worshipped Xom.
You were a plaything of Xom.
You were not hungry.

You visited 1 branch of the dungeon, and saw 4 of its levels.

You collected 153 gold pieces.

Inventory:

Hand Weapons
 a - a +0 spear of chaos (weapon)
 v - a +0 morningstar
Missiles
 d - 145 stones (quivered)
 g - 4 silver tomahawks
Armour
 b - a +3 leather armour (worn)
 o - a +0 pair of gloves (worn)
Jewellery
 f - an uncursed ring of protection from cold {unknown}
 h - a ring of fire (left hand)
 k - a cursed ring of loudness (right hand)
 m - an uncursed ring of protection from magic {unknown}
 u - a +4 ring of protection {unknown}
Wands
 r - a wand of flame (22)
 w - a wand of paralysis (8)
Scrolls
 l - a scroll of enchant armour
 p - 2 scrolls of remove curse {unknown}
 s - 4 scrolls of identify
 t - a scroll of magic mapping
Potions
 e - a potion of agility {unknown}
 i - a potion of heal wounds {unknown}
 j - 2 potions of curing
 n - a potion of brilliance {unknown}
 q - a potion of might {unknown}
Comestibles
 c - 7 rations


   Skills:
 + Level 6.6 Fighting
 + Level 1.2 Short Blades
 + Level 1.2 Long Blades
 + Level 1.2 Axes
 + Level 1.2 Maces & Flails
 + Level 6.6 Polearms
 + Level 1.2 Staves
 + Level 1.2 Slings
 + Level 1.2 Bows
 + Level 1.2 Crossbows
 + Level 1.2 Throwing
 + Level 4.7 Armour
 + Level 2.8 Dodging
 + Level 1.2 Stealth
 + Level 1.2 Shields
 + Level 1.2 Unarmed Combat
 + Level 1.2 Spellcasting
 + Level 1.0 Conjurations
 + Level 1.0 Hexes
 + Level 1.0 Charms
 + Level 1.0 Summonings
 + Level 1.0 Necromancy
 + Level 1.0 Translocations
 + Level 1.0 Transmutations
 + Level 1.0 Fire Magic
 + Level 1.0 Ice Magic
 + Level 1.0 Air Magic
 + Level 1.0 Earth Magic
 + Level 1.0 Poison Magic
 + Level 1.3 Invocations
 + Level 1.2 Evocations


You had 5 spell levels left.
You didn't know any spells.

Dungeon Overview and Level Annotations

Branches:
Dungeon (4/15)
 Temple: D:4-7

Altars:
Okawaru

Annotations:
D:4 D1HalberdGnoll's ghost, novice OgFE


Innate Abilities, Weirdness & Mutations

Your experience applies equally to all skills.
You have very sharp teeth.
Your uncanny sense of smell can sniff out nearby items.


Message History

* * * LOW HITPOINT WARNING * * *
You hear some strange, mumbled words.
A sticky flame appears from out of thin air!
The sticky flame hits you! You resist.
You are covered in liquid flames!
You hit something.
You are covered in liquid flames!
You hear Xom's maniacal laughter.
Flames sear your flesh.
You are now a plaything of Xom.
Something hits you!
* * * LOW HITPOINT WARNING * * *
You hit something. You freeze something.
You are covered in liquid flames!
* * * LOW HITPOINT WARNING * * *
Something barely misses you.
You completely miss something.
You are covered in liquid flames!
You die... "It's all fun and games until someone loses an eye."

... ##.. #.# #.#[#
.>...... #
.#.#....... ##.
......# ..# # ....
##.#..##.## ..
....##.{...#...##.
.......@..........
...............#
..............#
.......)......#
.....##.##..####.####
.....................
#....#####..####.####
#.## #..# #.
#..####.#


There were no monsters in sight!

Vanquished Creatures
  3 adders
  A howler monkey skeleton (D:2)
  A worm (D:3)
  4 dart slugs (D:2)
  3 leopard geckos
  2 orcs
  8 bats
  3 giant cockroaches
  8 goblins
  A hobgoblin (D:2)
  5 jackals
  3 kobolds
  A quokka (D:2)
  6 frilled lizards
  7 rats
56 creatures vanquished.

Notes
Turn   | Place    | Note
-------+----------+-------------------------------------------
     0 | D:1      | PikkenKukken the Gnoll Chaos Knight began the quest for the Orb.
     0 | D:1      | Reached XP level 1. HP: 23/23 MP: 1/1
   144 | D:1      | Reached XP level 2. HP: 29/29 MP: 2/2
   316 | D:1      | Reached XP level 3. HP: 33/35 MP: 3/3
   928 | D:2      | Reached skill level 1 in Invocations
   952 | D:2      | XOM: divination: magic mapping
   960 | D:2      | Reached skill level 1 in Short Blades
   960 | D:2      | Reached skill level 1 in Long Blades
   960 | D:2      | Reached skill level 1 in Axes
   960 | D:2      | Reached skill level 1 in Maces & Flails
   960 | D:2      | Reached skill level 1 in Staves
   960 | D:2      | Reached skill level 1 in Slings
   960 | D:2      | Reached skill level 1 in Bows
   960 | D:2      | Reached skill level 1 in Crossbows
   960 | D:2      | Reached skill level 1 in Throwing
   960 | D:2      | Reached skill level 1 in Stealth
   960 | D:2      | Reached skill level 1 in Shields
   960 | D:2      | Reached skill level 1 in Unarmed Combat
   960 | D:2      | Reached skill level 1 in Spellcasting
   960 | D:2      | Reached skill level 1 in Evocations
   962 | D:2      | Reached XP level 4. HP: 38/41 MP: 5/5
  1710 | D:3      | Found an iron altar of Okawaru.
  1771 | D:3      | Reached skill level 1 in Conjurations
  1771 | D:3      | Reached skill level 1 in Hexes
  1771 | D:3      | Reached skill level 1 in Charms
  1771 | D:3      | Reached skill level 1 in Summonings
  1771 | D:3      | Reached skill level 1 in Necromancy
  1771 | D:3      | Reached skill level 1 in Translocations
  1771 | D:3      | Reached skill level 1 in Transmutations
  1771 | D:3      | Reached skill level 1 in Fire Magic
  1771 | D:3      | Reached skill level 1 in Ice Magic
  1771 | D:3      | Reached skill level 1 in Air Magic
  1771 | D:3      | Reached skill level 1 in Earth Magic
  1771 | D:3      | Reached skill level 1 in Poison Magic
  1932 | D:3      | XOM: harmless Hex miscast
  2050 | D:4      | Noticed D1HalberdGnoll's ghost (novice OgFE)
  2052 | D:4      | XOM: cast spell 'Cause Fear'
  2069 | D:4      | XOM: mild Fire miscast
  2070 | D:4      | HP: 2/41 [burnt (1)]
  2071 | D:4      | Incinerated by D1HalberdGnoll's ghost

Vault maps used:
D:1:      giann_bridges, minmay_statues_item, serial_park_tiny_pond
D:3:      kennysheep_okawaru_gauntlet
D:4:      uniq_menkaure

Skill      XL: |  1  2  3  4 |
---------------+-------------+-----
Invocations    | 1 |  1.3
Short Blades   | 1 |  1.2
Long Blades    | 1 |  1.2
Axes           | 1 |  1.2
Maces & Flails | 1 |  1.2
Staves         | 1 |  1.2
Slings         | 1 |  1.2
Bows           | 1 |  1.2
Crossbows      | 1 |  1.2
Throwing       | 1 |  1.2
Stealth        | 1 |  1.2
Shields        | 1 |  1.2
Unarmed Combat | 1 |  1.2
Spellcasting   | 1 |  1.2
Evocations     | 1 |  1.2
Conjurations   | 1 |  1.0
Hexes          | 1 |  1.0
Charms         | 1 |  1.0
Summonings     | 1 |  1.0
Necromancy     | 1 |  1.0
Translocations | 1 |  1.0
Transmutations | 1 |  1.0
Fire Magic     | 1 |  1.0
Ice Magic      | 1 |  1.0
Air Magic      | 1 |  1.0
Earth Magic    | 1 |  1.0
Poison Magic   | 1 |  1.0
Fighting       | |  6.6
Polearms       | |  6.6
Armour         | |  4.7
Dodging        | |  2.8

Action                   |  1- 3 |  4- 6 || total
-------------------------+-------+-------++-------
Melee: Spear             |   107 |    85 ||   192
       Bite              |    10 |     7 ||    17
       Punch             |       |     1 ||     1
  Use: Scroll            |     3 |     2 ||     5
 Stab: Sleeping          |     1 |       ||     1
       Paralysed         |       |     2 ||     2
  Eat: Ration            |       |     1 ||     1
Armor: Leather armour    |    33 |    19 ||    52
Dodge: Dodged            |    62 |    23 ||    85

Table legend:
 A = Spawn XP
 B = Non-spawn XP
 C = Spawn XP percentage of total XP
 D = Spawn monster count
 E = Non-spawn monster count
 F = Spawn count percentage of total count
 G = Total turns spent on level
                    A         B        C        D         E        F      G
               +---------+---------+-------+---------+---------+-------+---------
         Total |       0 |     157 |   0.0 |       0 |      56 |   0.0 |  2071
               +---------+---------+-------+---------+---------+-------+---------
           D:1 |       0 |      42 |   0.0 |       0 |      25 |   0.0 |   888
           D:2 |       0 |      74 |   0.0 |       0 |      18 |   0.0 |   362
           D:3 |       0 |      36 |   0.0 |       0 |      11 |   0.0 |   776
           D:4 |       0 |       5 |   0.0 |       0 |       2 |   0.0 |    45
               +---------+---------+-------+---------+---------+-------+---------
